 Dungeon Crawl Stone Soup version 0.19-a0-1886-gd64a0f0 (webtiles) character file.

23 Alarkh the Caller (level 2, -2/19 HPs)
             Began as a Mummy Summoner on Oct 16, 2016.
             Slain by a gnoll
             ... wielding a +0 club
              (3 damage)
             ... on level 2 of the Dungeon.
             The game lasted 00:02:16 (1445 turns).

Alarkh the Caller (Mummy Summoner)                  Turns: 1445, Time: 00:02:17

Health: -2/19      AC:  2    Str: 11    XL:     2   Next: 75%
Magic:  2/5        EV: 12    Int: 14    God:
Gold:   54         SH:  0    Dex: 12    Spells: 1 memorised, 5 levels left

rFire  x . .     SeeInvis .     c - +0 dagger
rCold  + . .     Gourm    .     a - +0 robe
rNeg   + + +     Faith    .     (no shield)
rPois  ∞         Spirit   .     (no helmet)
rElec  .         Dismiss  .     (no cloak)
rCorr  .         Reflect  .     (no gloves)
MR     .....     Harm     .     (no boots)
Stlth  ++........               (no amulet)
                                (no ring)
                                f - ring of flight

@: very slightly contaminated
A: no food or potions, fire vulnerability, cold resistance 1, negative energy
resistance 3, torment resistance, unbreathing
a: Evoke Flight


You were on level 2 of the Dungeon.
You were not hungry.

You visited 1 branch of the dungeon, and saw 2 of its levels.

You collected 54 gold pieces.

Inventory:

Hand Weapons
 c - a +0 dagger (weapon)
Armour
 a - a +0 robe (worn)
Jewellery
 f - a ring of flight (left hand)
Scrolls
 d - a scroll of teleportation {unknown}
 e - a scroll of remove curse
 g - a scroll of blinking {unknown}
 h - a scroll of random uselessness {unknown}
 i - a scroll of amnesia {unknown}
Books
 b - a book of Callings

   Spells                             Type                      Level
   a - Summon Small Mammal            Summoning                    1
   b - Call Imp                       Summoning                    2
   c - Call Canine Familiar           Summoning                    3
   d - Summon Guardian Golem          Hexes/Summoning              3
   e - Summon Lightning Spire         Summoning/Air                4
   f - Summon Ice Beast               Ice/Summoning                4


   Skills:
 - Level 1.5 Dodging
 - Level 1.5 Stealth
 + Level 2.7 Spellcasting
 + Level 3.5 Summonings


You had 5 spell levels left.
You knew the following spells:

 Your Spells              Type           Power        Failure   Level  Hunger
a - Summon Small Mammal   Summ           ##..         6%          1    N/A

Dungeon Overview and Level Annotations

Branches:
Dungeon (2/15)

Altars:


Innate Abilities, Weirdness & Mutations

You do not eat or drink.
Your flesh is vulnerable to fire.
You are immune to poison.
Your flesh is cold resistant. (rC+)
You are immune to negative energy. (rN+++)
You are immune to unholy pain and torment.
You can survive without breathing.


Message History

The gnoll is almost dead.
The gnoll hits your quokka.
Your quokka misses the gnoll. The gnoll hits you with a club.
The gnoll misses your quokka.
Casting: Summon Small Mammal
Confirm with . or Enter, or press ? or * to list all spells.
The gnoll closely misses your quokka.
Your quokka closely misses the gnoll.
The gnoll hits you with a club!
* * * LOW HITPOINT WARNING * * *
The gnoll hits your quokka but does no damage.
Unknown command.
The gnoll closely misses something.
Your quokka bites the gnoll.
Something barely misses your quokka.
Your bat misses the gnoll.
Your quokka barely misses the gnoll.
Something closely misses your quokka. Something hits your bat!
Your bat dies!
Your bat's corpse disappears in a puff of smoke!
There is a stone staircase leading up here.
The gnoll hits you with a club.
You die...

.... .....
.....###################
.......................
....###...§#####.....#
.........g.g..##.....#
.........g.##.##...%.#
.....##....##.r......#
.....########..g@.#### .#
.....# #..##.######.#
.....########..##.........
............#..##.......... .K
............#..##..........# .#
###.........#..##..........# .#
#............##......).#.####..
#..........#.###'#.............
...............#........##...


You could see 2 gnolls and a friendly quokka.

Vanquished Creatures
  A dart slug (D:1)
  2 goblins (D:1)
  A jackal (D:1)
  A ball python (D:1)
  3 bats
  2 frilled lizards
  A kobold (D:1)
  4 rats
15 creatures vanquished.

Vanquished Creatures (collateral kills)
  A dart slug (D:1)
  A leopard gecko (D:1)
  A ball python (D:2)
  A goblin (D:1)
  A hobgoblin (D:1)
  3 jackals (D:1)
  A rat (D:1)
9 creatures vanquished.

Grand Total: 24 creatures vanquished

Notes
Turn   | Place    | Note
-------+----------+-------------------------------------------
     0 | D:1      | Alarkh the Mummy Summoner began the quest for the Orb.
     0 | D:1      | Reached XP level 1. HP: 13/13 MP: 3/3
   160 | D:1      | Reached XP level 2. HP: 11/19 MP: 1/5
  1445 | D:2      | Slain by a gnoll

Vault maps used:
D:1:      lightli_arrival_farm
D:2:      nicolae_ru_path_of_blood, first_bread, minmay_lizard_king,
          uniq_crazy_yiuf_cottage

Action                   || total
-------------------------++-------
Melee: Dagger            ||    93
       Unarmed           ||     4
 Cast: Summon Small Mamm ||    35
  Use: Scroll            ||     1
Armor: Robe              ||    29
Dodge: Dodged            ||    80
